 Dungeon Crawl Stone Soup version 0.25-a0-578-gc91f01c39c (webtiles) character file.

Game seed: 938641943939135145, levelgen mode: deterministic

51 Esekla the Ducker (level 3, 0/17 HPs)
             Began as a Spriggan Artificer on Mar 4, 2020.
             Killed from afar by Natasha (7 damage)
             ... with a magic dart
             ... on level 3 of the Dungeon.
             The game lasted 00:05:39 (913 turns).

Esekla the Ducker (Spriggan Artificer)               Turns: 913, Time: 00:05:40

Health: 0/17       AC:  2    Str:  8    XL:     3   Next: 58%
Magic:  7/7        EV: 19    Int: 12    God:
Gold:   44         SH:  0    Dex: 17    Spells: 2/2 levels left

rFire    . . .     SeeInvis +   a - +0 short sword
rCold    . . .     Gourm    .   (shield restricted)
rNeg     . . .     Faith    .   b - +0 robe
rPois    .         Spirit   .   (helmet restricted)
rElec    .         Reflect  .   (no cloak)
rCorr    .         Harm     .   (gloves unavailable)
MR       .....                  (boots unavailable)
Stlth    +++.......             (no amulet)
HPRegen  0.05/turn              (no ring)
MPRegen  0.10/turn              (no ring)

@: very quick
A: very small, unfitting armour, see invisible, herbivore, speed 3, slow
metabolism 2
a: no special abilities


You were on level 3 of the Dungeon.
You were not hungry.

You visited 1 branch of the dungeon, and saw 3 of its levels.

You collected 44 gold pieces.

Inventory:

Hand Weapons
 a - a +0 short sword (weapon)
Armour
 b - a +0 robe (worn)
 j - a +0 leather armour
 k - a +0 leather armour
Wands
 c - a wand of flame (14)
 d - a wand of enslavement (15)
 e - a wand of random effects (14)
Scrolls
 g - a scroll of enchant armour {unknown}
 h - a scroll of remove curse {unknown}
 i - a scroll of blinking {unknown}
Potions
 l - a potion of resistance {unknown}
Comestibles
 f - 4 rations


   Skills:
 - Level 0.7 Fighting
 + Level 2.2 Short Blades
 + Level 4.3 Dodging
 + Level 3.3 Stealth
 - Level 4.0 Evocations


You had 2 spell levels left.
You didn't know any spells.
Your spell library was empty.

Dungeon Overview and Level Annotations

Branches:
Dungeon (3/15)

Altars:
Fedhas

Annotations:
D:3 Natasha


Innate Abilities, Weirdness & Mutations

You are very small and have problems with some larger weapons.
You are too small for most types of armour.
You have supernaturally acute eyesight. (SInv)
You are a herbivore.
You cover ground extremely quickly.
You need to consume almost no food.


Message History

You barely miss Natasha.
Natasha hisses angrily.
Natasha drinks a potion.
Natasha flickers and vanishes for a moment.
You hit Natasha.
Natasha is moderately wounded.
Natasha hisses.
Natasha completely misses you.
You completely miss Natasha.
Natasha is moderately wounded.
Natasha casts a spell.
Evoke which item? (* to show all) (? for menu, Esc to quit)
Aiming: Throw Flame
Press: ? - help, Shift-Dir - straight line, f - Natasha
Aim: Natasha, carrying a wand of random effects (22) (moderately wounded, slightly transparent)
The puff of flame hits Natasha.
Natasha is heavily wounded.
Natasha casts a spell at you. The magic dart hits you!
You die...

####### ####.....#
...#.....#####
##.#.........##
#.......##...##
##.......#.....####
.......###.)...5@)#
.#...### #.....##h#
.#..## ##...## .#
##..# ##### .#
...!# .# ###+# .#
.# !#


You could see Natasha (invisible) and a crimson imp.

Vanquished Creatures
  Natasha (D:3)
  A worm (D:3)
  A dart slug (D:2)
  2 leopard geckos
  4 goblins
  4 hobgoblins
  2 quokkas (D:3)
  2 bats (D:3)
  A frilled lizard (D:3)
  A kobold (D:2)
  A rat (D:1)
20 creatures vanquished.

Notes
Turn   | Place    | Note
-------+----------+-------------------------------------------
     0 | D:1      | Esekla the Spriggan Artificer began the quest for the Orb.
     0 | D:1      | Reached XP level 1. HP: 9/9 MP: 4/4
     3 | D:1      | Noticed a minotaur skeleton
   127 | D:2      | Reached XP level 2. HP: 10/14 MP: 6/6
   684 | D:3      | Noticed Natasha
   791 | D:3      | Killed Natasha
   791 | D:3      | Reached XP level 3. HP: 12/17 MP: 7/7
   846 | D:3      | Found a blossoming altar of Fedhas.
   909 | D:3      | Noticed Natasha
   913 | D:3      | Killed from afar by Natasha

Levels and vault maps discovered:
D:1:      shiori_arrival_whats_in_store_for_you, layout_rooms
D:2:      layout_rooms, lemuel_crystal_altar, uniq_jessica
D:3:      layout_loops_corners, fedhas_ov_isle_minmay, uniq_natasha

Skill      XL: |  1  2 |
---------------+-------+-----
Stealth        | 2 3 |  3.3
Dodging        | 4 |  4.3
Short Blades   | 2 |  2.2
Fighting       | |  0.7
Evocations     | |  4.0

Action                   || total
-------------------------++-------
Melee: Short sword       ||    61
Evoke: Wand              ||     2
 Stab: Sleeping          ||     6
Armor: Robe              ||     3
Dodge: Dodged            ||    38

Table legend:
 A = Non-vault XP
 B = Vault XP
 C = Vault XP percentage of total XP
 D = Non-vault monster count
 E = Vault monster count
 F = Vault count percentage of total count
                 A         B        C        D         E       F
            +---------+---------+-------+---------+---------+-------
      Total |      39 |      35 |  47.3 |      19 |       1 |   5.0
            +---------+---------+-------+---------+---------+-------
        D:1 |       8 |       0 |   0.0 |       4 |       0 |   0.0
        D:2 |       9 |       0 |   0.0 |       4 |       0 |   0.0
        D:3 |      22 |      35 |  61.4 |      11 |       1 |   8.3
            +---------+---------+-------+---------+---------+-------
